Map: Divergence LE

Players

Massa

  • Race: Terran Terran
  • League: Gold
  • Spawn Location: 11:00

qqq

  • Race: Zerg Zerg
  • League: Platinum
  • Spawn Location: 11:00

FulaFesken - Winner!

  • Race: Zerg Zerg
  • League: Platinum
  • Spawn Location: 5:00

Golle - Winner!

  • Race: Protoss Protoss
  • League: Gold
  • Spawn Location: 5:00

VOD

Have the link to the VOD?

Description

Time

  • Played on: May 6, 2020, 2:58 p.m.
  • Length: 7:16
Show
View Real Time Build Order
Export as new Build Order

Massa Terran 

Build Orders: 1/1/1, Liberator Opening 

Get SALT Encoding   

  12  0:13  SCV  
  13  0:15  Supply Depot  
  13  0:25  SCV  
  14  0:37  SCV  
  14  0:40  Barracks  
  15  0:45  Refinery  
  15  0:49  SCV  
  16  0:56  Refinery  
  16  1:02  SCV  
  17  1:14  SCV  
  18  1:25  Supply Depot  
  18  1:26  SCV  
  19  1:38  SCV  
  20  1:42  Factory  
  20  1:57  SCV  
  21  2:06  Supply Depot  
  21  2:09  SCV, Supply Depot  
  21  2:15  Marine  
  23  2:28  Starport, Factory Tech Lab  
  23  2:31  SCV  
  23  2:32  Marine  
  25  3:08  SCV  
  25  3:11  Starport Tech Lab  
  26  3:20  SCV  
  26  3:24  Command Center  
  26  3:25  Starport  
  27  3:28  Barracks Reactor  
  27  3:32  Liberator  
  30  3:45  Starport  
  30  3:55  Siege Tank  
  33  4:01  Viking  
  35  4:12  Supply Depot  
  35  4:23  Viking  
  37  4:31  Medivac  
  39  5:23  Starport Tech Lab  
  39  5:24  Starport Tech Lab, Liberator  
  40  5:44  Viking x2  
  39  6:34  Marine x2  
  41  6:52  Marine x2  
Show
View Real Time Build Order
Export as new Build Order

qqq Zerg 

Build Orders: Hatch First 

Get SALT Encoding   

  12  0:02  Drone  
  13  0:08  Drone  
  14  0:46  Hatchery  
  13  0:51  Spawning Pool  
  13  0:54  Drone  
  13  0:57  Extractor  
  12  1:06  Overlord  
  12  1:10  Drone  
  13  1:15  Drone  
  14  1:24  Drone  
  15  1:34  Drone  
  15  1:39  Zergling x2  
  17  1:52  Zergling x2  
  18  1:59  Queen  
  20  2:02  Drone  
  20  2:03  Overlord  
  20  2:08  Metabolic Boost  
  21  2:13  Zergling x2  
  22  2:17  Zergling x2  
  23  2:23  Zergling x2  
  23  2:28  Drone  
  25  2:36  Baneling Nest  
  24  2:38  Zergling x2  
  24  2:40  Zergling x2  
  26  2:48  Zergling x2  
  26  2:49  Zergling x2  
  28  2:56  Zergling x2  
  28  2:57  Zergling x2  
  30  3:08  Zergling x4  
  30  3:10  Overlord  
  32  3:28  Overlord  
  32  3:31  Lair  
  24  3:52  Zergling x2  
  24  3:53  Zergling x4  
  22  3:56  Zergling x6  
  22  3:58  Zergling x2  
  27  4:02  Zergling x2  
  27  4:05  Zergling x2  
  27  4:27  Zergling x4  
  22  4:36  Zergling x6  
  22  4:37  Zergling x6  
  28  4:52  Spore Crawler  
  27  4:53  Drone  
  27  4:54  Zergling x2  
  29  5:05  Baneling x2  
  29  5:07  Drone x2  
  29  5:08  Drone x2  
  30  5:28  Zergling x6  
  28  5:44  Zergling x2  
  28  5:45  Zergling x4  
  28  5:47  Drone  
  32  5:55  Zergling x2  
  32  6:03  Queen  
  31  6:06  Hatchery  
  31  6:11  Zergling x2  
  29  6:12  Drone  
  29  6:13  Drone  
  26  6:35  Zergling x6  
  26  6:38  Zergling x4  
  24  6:52  Zergling x2  
  24  6:53  Zergling x2  
  24  6:54  Zergling x2  
Show
View Real Time Build Order
Export as new Build Order

FulaFesken Zerg - Winner!

Build Orders: Hatch First 

Get SALT Encoding   

  12  0:00  Drone  
  13  0:17  Overlord  
  13  0:19  Drone  
  15  0:35  Drone x2  
  15  0:40  Drone  
  17  0:51  Drone  
  18  1:05  Drone, Hatchery  
  18  1:06  Extractor  
  17  1:20  Drone, Spawning Pool  
  17  1:31  Drone  
  18  1:34  Drone  
  19  1:46  Drone  
  20  1:54  Overlord  
  20  2:17  Queen x2  
  20  2:19  Drone x3  
  27  2:34  Zergling x4  
  29  2:43  Drone x2  
  31  2:49  Zergling x2  
  32  2:56  Zergling x2  
  33  3:09  Overlord x2  
  33  3:19  Baneling Nest  
  32  3:31  Zergling x10  
  31  4:03  Metabolic Boost  
  31  4:07  Drone  
  31  4:08  Drone x9  
  41  4:35  Baneling  
  41  4:36  Baneling x2  
  41  4:56  Extractor  
  41  4:57  Extractor  
  39  5:01  Roach Warren, Spore Crawler  
  39  5:03  Spore Crawler  
  39  5:04  Drone x3  
  39  5:05  Drone x4  
  43  5:24  Baneling x9  
  43  5:25  Zergling x2  
  43  5:27  Overlord x4  
  44  5:55  Zergling x18  
  44  5:56  Zergling x10  
  58  6:12  Zergling x10  
  55  6:34  Hatchery  
  55  6:37  Zergling x14  
Show
View Real Time Build Order
Export as new Build Order

Golle Protoss - Winner!

Build Orders: Oracle Opening 

Get SALT Encoding   

  12  0:00  Probe  
  13  0:13  Probe  
  14  0:17  Pylon  
  14  0:25  Probe (Chrono Boost)  
  15  0:37  Probe (Chrono Boost), Gateway  
  16  0:44  Probe (Chrono Boost)  
  16  0:46  Assimilator  
  17  0:51  Probe  
  17  0:55  Assimilator  
  18  1:03  Probe  
  19  1:09  Gateway  
  19  1:15  Probe  
  20  1:27  Probe, Cybernetics Core  
  20  1:32  Pylon  
  21  1:39  Probe  
  22  1:52  Probe  
  23  2:03  Warp Gate  
  23  2:04  Probe, Adept x2 (Chrono Boost)  
  28  2:10  Stargate  
  28  2:16  Pylon  
  28  2:31  Adept (Chrono Boost)  
  28  2:34  Adept (Chrono Boost)  
  32  2:57  Adept  
  32  2:58  Oracle, Adept  
  37  3:02  Pylon  
  39  3:19  Shield Battery  
  39  3:20  Gateway  
  39  3:33  Oracle (Chrono Boost)  
  39  3:35  Pylon  
  42  3:43  Probe  
  43  3:55  Probe  
  42  3:59  Adept x2  
  46  4:03  Oracle  
  46  4:06  Pylon  
  49  4:21  Adept  
  47  4:33  Probe  
  47  4:37  Nexus  
  48  4:50  Probe  
  49  5:08  Stalker x3  
  49  5:11  Phoenix (Chrono Boost)  
  53  5:43  Stalker  
  53  5:44  Stalker x2  
  52  6:10  Stalker x3  
  52  6:15  Probe (Chrono Boost)  
  52  6:16  Probe (Chrono Boost)  
  54  6:23  Pylon  
  54  6:27  Probe (Chrono Boost)  
  54  6:28  Probe (Chrono Boost)  
  56  6:34  Probe (Chrono Boost)  
  56  6:35  Probe (Chrono Boost)  
  58  6:44  Probe  
  58  6:45  Probe  
  58  6:56  Probe  
  58  6:57  Probe  
  58  7:11  Stalker x2  
  58  7:13  Stalker  
Tags
 
Add a new tag
Caveats
  • Supply blocks, unpowered buildings, or Contaminate may cause inaccurate times.
  • Supply counts are checked every 10 seconds.